 Dungeon Sprint DCSS version 0.26-a0-720-g2a1d101370 (webtiles) character file.

Game seed: 5810780522493730374

30124 sahdkjhfkaj the Earth Mage (level 13, -9/91 HPs)
             Began as a Gargoyle Earth Elementalist on Nov 3, 2020.
             Was the Champion of Vehumet.
             Shot with a bolt by a yaktaur (21 damage)
             ... led by a yaktaur captain
             ... in the Dungeon (Sprint VII: "The Pits").
             The game lasted 00:14:59 (7949 turns).

sahdkjhfkaj the Earth Mage (GrEE)                   Turns: 7949, Time: 00:14:59

Health: -9/91      AC: 14    Str: 13    XL:     13   Next: 49%
Magic:  7/32       EV: 12    Int: 23    God:    Vehumet [******]
Gold:   53         SH:  0    Dex: 13    Spells: 16/42 levels left

rFire    . . .     SeeInvis .   a - +1 quarterstaff (protect)
rCold    . . .     Faith    .   (shield currently unavailable)
rNeg     + . .     Spirit   .   c - +0 robe
rPois    ∞         Reflect  .   s - +0 helmet
rElec    +         Harm     .   t - +0 cloak
rCorr    .         Rampage  .   u - +0 pair of gloves
MR       .....     NoTele   +   (no boots)
Stlth    ++........             (no amulet)
HPRegen  0.25/turn              i - +3 ring of dexterity
MPRegen  0.23/turn              n - +3 ring of intelligence

@: no status effects
A: negative energy resistance 1, electricity resistance, unbreathing,
petrification resistance, rot immunity, AC +9
a: Renounce Religion


You were in the Dungeon.
You worshipped Vehumet.
Vehumet was exalted by your worship.
You visited 1 branch You collected 53 gold pieces.

Inventory:

Hand Weapons
 a - a +1 quarterstaff of protection (weapon)
Missiles
 b - 39 stones (quivered)
Armour
 c - a +0 robe (worn)
 s - a +0 helmet (worn)
 t - a +0 cloak (worn)
 u - a +0 pair of gloves (worn)
Jewellery
 i - a +3 ring of dexterity (left hand)
 n - a +3 ring of intelligence (right hand)
 y - an uncursed ring of wizardry
 A - an uncursed ring of protection from cold
Scrolls
 j - 6 scrolls of remove curse {!r}
 k - 5 scrolls of amnesia {!r}
 l - a scroll of summoning {!r}
 v - a scroll of fog {!r}
 w - 5 scrolls of enchant armour {!r}
 x - 4 scrolls of enchant weapon {!r}
 B - a scroll of identify {!r}
Potions
 d - 7 potions of curing {!q}
 e - 8 potions of heal wounds {!q}
 f - 2 potions of haste {!q}
 g - 3 potions of magic {!q}
 h - 4 potions of berserk rage {!q}
 m - 2 potions of invisibility {!q}
 o - 3 potions of might {!q}
 p - 2 potions of stabbing {!q}
 q - 2 potions of mutation {!q}
 r - a potion of resistance {!q}


   Skills:
 - Level 14.9 Fighting
 - Level 1.5 Dodging
 - Level 2.1 Stealth
 - Level 15.0 Spellcasting
 * Level 19.1 Conjurations
   Level 0.7 Transmutations
 + Level 11.9 Ice Magic
 - Level 20.0 Earth Magic


You had 16 spell levels left.
You knew the following spells:

 Your Spells              Type           Power        Failure   Level
a - Stone Arrow           Conj/Erth      ######       0%          3
c - Lehudib's Crystal Sp  Conj/Erth      #######...   2%          8
d - Lee's Rapid Deconstr  Erth           #######...   1%          5
s - Sandblast             Erth           ######       0%          1
A - Absolute Zero         Ice            ######....   99%         9

Your spell library contained the following spells:

 Spells                   Type           Power        Failure   Level
 Shatter                  Erth           #######...   24%         9
 Passwall                 Tmut/Erth      ######..     1%          2
 Petrify                  Tmut/Erth      ######..     1%          4


Dungeon Overview and Level Annotations

Branches:
Dungeon (1/1)

Altars:
Ashenzari
Cheibriados
Dithmenos
Elyvilon
Fedhas
Gozag
Hepliaklqana
Kikubaaqudgha
Makhleb
Nemelex Xobeh
Okawaru
Qazlal
Ru
Sif Muna
Trog
Uskayaw
Vehumet
Wu Jian
Xom
Yredelemnul
Zin
The Shining One
Beogh
Jiyva
Lugonu

Annotations:
D exclusion: door


Innate Abilities, Weirdness & Mutations

You are resistant to torment.
Your stone body is resilient. (AC +9)
You are immune to poison.
You resist negative energy. (rN+)
You are resistant to electric shocks. (rElec)
You can survive without breathing.
You are immune to petrification.
You are immune to rotting.


Message History

A metal wall.
The metal wall shatters!
The blast of metal fragments hits the yaktaur!!
The yaktaur is severely wounded.
The blast of metal fragments hits the yaktaur captain!!
You kill the yaktaur captain!
Vehumet accepts your kill.
Your Conjurations skill increases to level 19!
The yaktaur wields a +0 arbalest.
The yaktaur shoots a bolt.
The bolt hits you!
* * * LOW HITPOINT WARNING * * *
The yaktaur shoots a bolt.
The bolt closely misses you.
The yaktaur shoots a bolt.
The bolt hits you.
* * * LOW HITPOINT WARNING * * *
Unknown command.
Unknown command.
The yaktaur shoots a bolt.
The bolt hits you!
* * * LOW HITPOINT WARNING * * *
The yaktaur wields a +0 arbalest.
The yaktaur shoots a bolt.
The bolt hits you!!
You die...

.......# ......# ..#..#
....+ ...+ #++#
#++########################
#.........(..)).(c.........
#....)....@(.(...cc).).....
#..##############c'########
#..# #.)....# #..# #......#
#(.# #....).# #..# ###c(###
#..# ..e.c..c......p #..#
.c.c...c....... #######.)#
..####....####.


You could see 3 yaktaurs.

Vanquished Creatures
  2 orc warlords (D)
  A deep elf demonologist (D)
  A purple draconian (D)
  A merfolk impaler (D)
  2 yaktaur captains (D)
  A vault guard (D)
  A naga warrior (D)
  A death yak (D)
  2 orc high priests (D)
  3 deep elf knights (D)
  A sixfirhy (D)
  A sea snake (D)
  A flayed ghost (D)
  Pikel (D)
  A lindwurm (D)
  An orc sorcerer (D)
  A wolf spider (D)
  8 orc knights (D)
  A necromancer (D)
  An ugly thing (D)
  A manticore (D)
  A cyclops (D)
  7 slime creatures (D)
  3 elephants (D)
  A smoke demon (D)
  A gargoyle (D)
  3 yaktaurs (D)
  A komodo dragon (D)
  2 hellwings (D)
  A guardian mummy (D)
  A troll (D)
  2 merfolk (D)
  A tyrant leech (D)
  2 spriggans (D)
  2 flying skulls (D)
  2 redbacks (D)
  A tarantella (D)
  A ynoxinul (D)
  A wyvern (D)
  4 vampire mosquitoes (D)
  5 hell hounds (D)
  A warg (D)
  A soldier ant (D)
  A water moccasin (D)
  3 floating eyes (D)
  5 orc warriors (D)
  A swamp drake (D)
  5 wolves (D)
  An eye of draining (D)
  An ogre (D)
  2 centaurs (D)
  2 lemures (D)
  A gnoll sergeant (D)
  A small abomination (D)
  A crimson imp (D)
  A quasit (D)
  A hound (D)
  An orc priest (D)
  2 jellies (D)
  An iron imp (D)
  2 gnoll shamans (D)
  2 orc wizards (D)
  A hell rat (D)
  2 adders (D)
  11 gnolls (D)
  A river rat (D)
  A white imp (D)
  An adder skeleton (D)
  2 adder zombies (D)
  An adder simulacrum (D)
  10 orcs (D)
  A giant cockroach (D)
  A kobold (D)
  A quokka (D)
  A bat (D)
  A jackal zombie (D)
146 creatures vanquished.

Notes
Turn   | Place    | Note
-------+----------+-------------------------------------------
     0 | D        | sahdkjhfkaj the Gargoyle Earth Elementalist began the quest
                  | for the Orb.
     0 | D        | Reached XP level 1. HP: 10/10 MP: 3/3
    11 | D        | Noticed a floating eye
    14 | D        | Killed a floating eye
    14 | D        | Reached skill level 5 in Spellcasting
    14 | D        | Reached skill level 9 in Earth Magic
    14 | D        | Reached XP level 2. HP: 15/15 MP: 0/8
    14 | D        | Reached XP level 3. HP: 19/19 MP: 0/9
    14 | D        | Reached XP level 4. HP: 24/24 MP: 0/11
   110 | D        | Found a bloodstained altar of Trog.
   110 | D        | Found a shimmering blue altar of Sif Muna.
   110 | D        | Found a viscous altar of Jiyva.
   110 | D        | Found a hazy altar of Hepliaklqana.
   110 | D        | Found an opulent altar of Gozag.
   111 | D        | Found a glowing golden altar of the Shining One.
   111 | D        | Found a glowing silver altar of Zin.
   111 | D        | Found a basalt altar of Yredelemnul.
   111 | D        | Found a shimmering altar of Xom.
   111 | D        | Found an ornate altar of the Wu Jian Council.
   111 | D        | Found a sacrificial altar of Ru.
   111 | D        | Found a stormy altar of Qazlal.
   111 | D        | Found an iron altar of Okawaru.
   111 | D        | Found a sparkling altar of Nemelex Xobeh.
   111 | D        | Found a burning altar of Makhleb.
   111 | D        | Found a blossoming altar of Fedhas.
   111 | D        | Found a white marble altar of Elyvilon.
   111 | D        | Found a shadowy altar of Dithmenos.
   111 | D        | Found a snail-covered altar of Cheibriados.
   113 | D        | Found a radiant altar of Vehumet.
   113 | D        | Found a corrupted altar of Lugonu.
   113 | D        | Found a roughly hewn altar of Beogh.
   114 | D        | Found a hide-covered altar of Uskayaw.
   114 | D        | Found an ancient bone altar of Kikubaaqudgha.
   114 | D        | Found a broken altar of Ashenzari.
   121 | D        | Became a worshipper of Vehumet
   169 | D        | Learned a level 3 spell: Stone Arrow
   227 | D        | Reached * piety under Vehumet
   227 | D        | Offered knowledge of Freeze by Vehumet.
   303 | D        | Noticed a lemure
   303 | D        | Noticed a lemure
   303 | D        | Noticed a lemure
   303 | D        | Noticed Pikel
   314 | D        | Reached XP level 5. HP: 25/28 MP: 9/12
   325 | D        | Killed a lemure
   330 | D        | Killed a lemure
   333 | D        | Noticed a floating eye
   346 | D        | Killed a floating eye
   346 | D        | Reached skill level 11 in Earth Magic
   431 | D        | Learned a level 5 spell: Lee's Rapid Deconstruction
   459 | D        | Noticed a lemure
   470 | D        | Reached ** piety under Vehumet
   470 | D        | Offered knowledge of Foxfire by Vehumet.
   470 | D        | Reached XP level 6. HP: 12/32 MP: 3/15
   472 | D        | Killed Pikel
   472 | D        | Reached skill level 15 in Earth Magic
   472 | D        | Reached XP level 7. HP: 14/36 MP: 12/19
   817 | D        | Offered knowledge of Conjure Flame by Vehumet.
   818 | D        | Reached *** piety under Vehumet
   856 | D        | Reached XP level 8. HP: 27/41 MP: 0/21
  1016 | D        | Offered knowledge of Frozen Ramparts by Vehumet.
  1016 | D        | Reached **** piety under Vehumet
  1016 | D        | Reached skill level 16 in Earth Magic
  1086 | D        | Noticed a white ugly thing
  1089 | D        | Killed a white ugly thing
  1089 | D        | Reached skill level 10 in Spellcasting
  1180 | D        | Reached ***** piety under Vehumet
  1199 | D        | Noticed a spriggan
  1199 | D        | Noticed a sea snake
  1204 | D        | Offered knowledge of Olgreb's Toxic Radiance by Vehumet.
  1205 | D        | Killed a spriggan
  1206 | D        | Killed a sea snake
  1206 | D        | Reached skill level 10 in Fighting
  1206 | D        | Reached XP level 9. HP: 60/62 MP: 11/23
  1395 | D        | Noticed a death yak
  1417 | D        | Offered knowledge of Airstrike by Vehumet.
  1419 | D        | Killed a death yak
  1419 | D        | Reached skill level 10 in Conjurations
  1421 | D        | Reached ****** piety under Vehumet
  1645 | D        | Noticed a lindwurm
  1651 | D        | Reached XP level 10. HP: 68/68 MP: 13/24
  1654 | D        | Offered knowledge of Fireball by Vehumet.
  1732 | D        | Noticed an orc high priest
  1733 | D        | Noticed an orange demon
  1733 | D        | Killed an orc high priest
  1733 | D        | Reached skill level 17 in Earth Magic
  1841 | D        | Killed a lindwurm
  1841 | D        | Reached skill level 18 in Earth Magic
  1859 | D        | Offered knowledge of Lightning Bolt by Vehumet.
  1991 | D        | Noticed an elephant
  2000 | D        | Killed an elephant
  2002 | D        | Offered knowledge of Orb of Destruction by Vehumet.
  2211 | D        | Noticed an alligator snapping turtle
  2212 | D        | Noticed an orc high priest
  2216 | D        | Noticed a rust devil
  2220 | D        | Noticed a soul eater
  2248 | D        | Reached skill level 19 in Earth Magic
  2249 | D        | Killed an orc high priest
  2249 | D        | Reached XP level 11. HP: 58/73 MP: 11/28
  3215 | D        | Offered knowledge of Iron Shot by Vehumet.
  3525 | D        | Noticed a manticore
  3528 | D        | Killed a manticore
  3540 | D        | Offered knowledge of Iskenderun's Battlesphere by Vehumet.
  3545 | D        | Noticed a merfolk impaler
  3550 | D        | Killed a merfolk impaler
  3550 | D        | Reached skill level 20 in Earth Magic
  4021 | D        | Reached skill level 15 in Spellcasting
  4100 | D        | Offered knowledge of Ignition by Vehumet.
  4430 | D        | Noticed an orc sorcerer
  4432 | D        | Killed an orc sorcerer
  4780 | D        | Noticed a flayed ghost
  4788 | D        | Killed a flayed ghost
  4815 | D        | Offered knowledge of Lehudib's Crystal Spear by Vehumet.
  4815 | D        | Offered knowledge of Shatter by Vehumet.
  4815 | D        | Offered knowledge of Absolute Zero by Vehumet.
  4817 | D        | Reached XP level 12. HP: 65/86 MP: 3/31
  4827 | D        | Learned a level 8 spell: Lehudib's Crystal Spear
  4990 | D        | Learned a level 9 spell: Absolute Zero
  4997 | D        | Reached skill level 1 in Ice Magic
  5384 | D        | Reached skill level 5 in Ice Magic
  6125 | D        | Noticed a deep elf knight
  6128 | D        | Killed a deep elf knight
  6426 | D        | Noticed a deep elf knight
  6428 | D        | Killed a deep elf knight
  6428 | D        | Noticed an orc warlord
  6431 | D        | Reached skill level 15 in Conjurations
  6442 | D        | Noticed an orc warlord
  6533 | D        | Killed an orc warlord
  6662 | D        | Killed an orc warlord
  6662 | D        | Reached XP level 13. HP: 50/91 MP: 14/32
  6924 | D        | Noticed a yaktaur captain
  6934 | D        | Killed a yaktaur captain
  6942 | D        | Reached skill level 10 in Ice Magic
  7351 | D        | Noticed a deep elf demonologist
  7874 | D        | Noticed a purple draconian
  7878 | D        | Killed a purple draconian
  7926 | D        | Noticed a vault guard
  7927 | D        | Killed a deep elf demonologist
  7928 | D        | Killed a vault guard
  7933 | D        | Noticed a yaktaur captain
  7948 | D        | Killed a yaktaur captain
  7949 | D        | Shot with a bolt by a yaktaur

Illustrated notes

Levels and vault maps discovered:
D:        pitsprint [storerooms_1, entrance_room_1, metal_vault_7, armoury_1,
          mini_pit_1, grid_room_1, main_hall_1, silver_pit, the_coven_1,
          the_vestibule_1, steel_vault_5, golden_pit, hallway_of_sentries,
          crystal_vault_3, iron_vault_2, final_vault]

Skill      XL: |  1  2  3  4  5  6  7  8  9 10 11 12 13 |
---------------+----------------------------------------+-----
Spellcasting   | 5 6 8 9 10 13 15 | 15.0
Earth Magic    | 9 11 15 16 19 20 | 20.0
Fighting       | 10 14 | 14.9
Conjurations   | 6 10 16 19 | 19.1
Ice Magic      | 9 11 | 11.9
Dodging        | |  1.5
Stealth        | |  2.1
Transmutations | |  0.7

Action                   |  1- 3 |  4- 6 |  7- 9 | 10-12 | 13-15 || total
-------------------------+-------+-------+-------+-------+-------++-------
Melee: Quarterstaff      |       |    14 |       |    17 |       ||    31
 Cast: Sandblast         |     2 |     5 |     1 |     6 |     3 ||    17
       Stone Arrow       |       |     8 |       |    12 |     3 ||    23
       Lee's Rapid Decon |       |     3 |    24 |   132 |     7 ||   166
       Lehudib's Crystal |       |       |       |       |    13 ||    13
  Use: Scroll            |       |     1 |       |       |       ||     1
       Potion            |       |     1 |       |     2 |     5 ||     8
Armor: Robe              |       |     9 |     3 |    42 |     2 ||    56
Dodge: Dodged            |       |     6 |     3 |    57 |    17 ||    83

Table legend: (Time is in decaauts)
 A = Elapsed time spent in this place.
 B = Non-inter-level travel time spent in this place.
 C = Inter-level travel time spent in this place.
 D = Time resting spent in this place.
 E = Time spent auto-exploring this place.
 F = Levels seen in this place.
 G = Mean time per level.
                   A        B        C        D        E       F      G
               +--------+--------+--------+--------+--------+-----+--------+
         Total |   7936 |   7566 |    370 |   6006 |      0 |   1 | 7936.0 |
       Dungeon |   7936 |   7566 |    370 |   6006 |      0 |   1 | 7936.0 |
               +--------+--------+--------+--------+--------+-----+--------+

Top non-repeatable levels by time:
       D: 7936 daAuts
